 Dungeon Crawl Stone Soup version 0.21.1-1-g345015f (webtiles) character file.

209 Fortress the Magician (level 5, -1/28 HPs)
             Began as a Deep Elf Wizard on June 14, 2018.
             Slain by a water moccasin (8 damage)
             ... on level 4 of the Dungeon.
             The game lasted 00:24:57 (4100 turns).

Fortress the Magician (Deep Elf Wizard)             Turns: 4100, Time: 00:24:57

Health: -1/28      AC:  2    Str:  5    XL:     5   Next: 55%
Magic:  1/16       EV: 13    Int: 23    God:
Gold:   214        SH:  0    Dex: 13    Spells: 4/17 levels left

rFire    . . .     SeeInvis .   v - +0 dagger (drain)
rCold    . . .     Gourm    .   (no shield)
rNeg     . . .     Faith    .   j - +0 robe (curse)
rPois    .         Spirit   .   b - +0 hat
rElec    .         Reflect  .   (no cloak)
rCorr    .         Harm     .   (no gloves)
MR       .....                  (no boots)
Stlth    ++........             (no amulet)
HPRegen  0.09/turn              (no ring)
MPRegen  0.15/turn              (no ring)

@: lethally poisoned (-1 -> -2)
A: no striking features
a: no special abilities


You were on level 4 of the Dungeon.
You were not hungry.

You visited 1 branch of the dungeon, and saw 5 of its levels.

You collected 214 gold pieces.

Inventory:

Hand Weapons
 g - a +3 mace
 n - a +0 club
 v - a +0 dagger of draining (weapon)
 y - a +0 hunting sling
 B - a cursed -2 hand axe
Missiles
 f - 93 stones (quivered)
 l - 41 poisoned needles
 q - 32 bolts
 r - 17 sling bullets
 F - 21 arrows
Armour
 a - a +0 robe
 b - a +0 hat (worn)
 j - a cursed +0 robe (worn)
 w - a +2 leather armour of poison resistance
 x - a +0 chain mail of poison resistance
Wands
 z - a wand of enslavement (13)
Scrolls
 h - a scroll of magic mapping {unknown}
 i - a scroll of fear {unknown}
 p - 7 scrolls of identify {unknown}
 s - a scroll of random uselessness {unknown}
 t - a scroll of teleportation {unknown}
 u - a scroll of fog {unknown}
 D - a scroll of amnesia {unknown}
Potions
 e - 2 potions of ambrosia {unknown}
 k - 2 potions of brilliance {unknown}
 m - a potion of lignification {unknown}
 o - a potion of curing {unknown}
 A - a potion of flight {unknown}
 E - a potion of berserk rage {unknown}
 G - a potion of heal wounds {unknown}
Books
 c - a book of Minor Magic

   Spells                             Type                      Level
   a - Magic Dart                     Conjuration                  1
   b - Blink                          Translocation                2
   c - Call Imp                       Summoning                    2
   d - Slow                           Hexes                        2
   e - Conjure Flame                  Conjuration/Fire             3
   f - Mephitic Cloud                 Conjuration/Poison/Air       3
 H - a book of Maledictions

   Spells                             Type                      Level
   a - Corona                         Hexes                        1
   b - Ensorcelled Hibernation        Hexes/Ice                    2
   c - Confuse                        Hexes                        3
   d - Tukima's Dance                 Hexes                        3
   e - Dazzling Spray                 Conjuration/Hexes            3
Comestibles
 d - 5 rations


   Skills:
 + Level 2.9 Dodging
 + Level 3.2 Stealth
 + Level 6.8 Spellcasting
 + Level 3.0 Conjurations
 - Level 1.1 Summonings
 * Level 2.0 Translocations


You had 4 spell levels left.
You knew the following spells:

 Your Spells              Type           Power        Failure   Level  Hunger
a - Magic Dart            Conj           ###.         2%          1    None
b - Blink                 Tloc           N/A          4%          2    None
c - Call Imp              Summ           ##......     8%          2    None
d - Slow                  Hex            #.......     12%         2    None
e - Conjure Flame         Conj/Fire      ##......     12%         3    None
f - Mephitic Cloud        Conj/Pois/Air  ##......     16%         3    None


Dungeon Overview and Level Annotations

Branches:
Dungeon (5/15)
 Temple: D:4-7

Altars:
The Shining One


Message History

Your crimson imp hits the water moccasin.
Casting: Blink
Confirm with . or Enter, or press ? or * to list all spells.
Aiming: Magic Dart
Press: ? - help, Shift-Dir - straight line, f/p - water moccasin
Aim: a water moccasin (severely wounded)
The magic dart hits the water moccasin.
The water moccasin is almost dead.
Your crimson imp hits the water moccasin.
The water moccasin misses your crimson imp.
The water moccasin bites your crimson imp!
Your crimson imp barely misses the water moccasin.
You hit the water moccasin but do no damage.
The water moccasin is almost dead.
You feel sick. The water moccasin barely misses you.
Your crimson imp hits the water moccasin but does no damage.
You hit the water moccasin but do no damage.
The water moccasin is almost dead.
The water moccasin bites you!
You die...

...# #....#...##..# ...#
+....#...##..#
...#######....+....#..#
..............#....+..#
...>..........#....#..#
..............#..<.#..#
..............#....#.>#
...#######....##'###..#
...#.....#......@..#..#
...#.....#####...S.#'###
...#.........#....5....#
...#.........#.........#
...########..#.........#
...#.....##..#.........#
...#.........#.....#####
...'.........#.....#
...#.....##..#.....#


You could see a water moccasin and a friendly crimson imp.

Vanquished Creatures
  An orc wizard (D:3)
  Natasha (D:3)
  6 adders
  A shadow imp (D:4)
  A worm (D:3)
  3 dart slugs
  3 leopard geckos
  7 orcs
  2 giant cockroaches
  10 goblins
  7 hobgoblins
  4 jackals (D:2)
  2 quokkas
  4 ball pythons
  7 bats
  4 frilled lizards
  4 kobolds
  A leopard gecko skeleton (D:4)
  A quokka zombie (D:4)
  9 rats
78 creatures vanquished.

Notes
Turn   | Place    | Note
-------+----------+-------------------------------------------
     0 | D:1      | Fortress the Deep Elf Wizard began the quest for the Orb.
     0 | D:1      | Reached XP level 1. HP: 10/10 MP: 7/7
   295 | D:1      | Reached XP level 2. HP: 15/15 MP: 4/9
   857 | D:1      | Reached skill level 5 in Spellcasting
  1166 | D:3      | Reached XP level 3. HP: 19/19 MP: 1/11
  1983 | D:2      | Reached XP level 4. HP: 24/24 MP: 9/13
  2347 | D:3      | Reached skill level 6 in Spellcasting
  2584 | D:3      | Learned a level 2 spell: Blink
  2587 | D:3      | Learned a level 2 spell: Call Imp
  2590 | D:3      | Learned a level 2 spell: Slow
  2594 | D:3      | Learned a level 3 spell: Conjure Flame
  2598 | D:3      | Learned a level 3 spell: Mephitic Cloud
  2712 | D:3      | Found a glowing golden altar of the Shining One.
  3089 | D:3      | Reached XP level 5. HP: 14/28 MP: 0/15
  3098 | D:3      | HP: 1/28 [orc/hand axe (4)]
  3486 | D:3      | Noticed Natasha
  3492 | D:3      | Killed Natasha
  3986 | D:5      | Entered Level 5 of the Dungeon
  3986 | D:5      | Noticed a water moccasin
  4100 | D:4      | Slain by a water moccasin

Skill      XL: |  1  2  3  4  5 |
---------------+----------------+-----
Spellcasting   | 5 6 |  6.8
Conjurations   | 2 3 |  3.0
Stealth        | 3 |  3.2
Translocations | 2 |  2.0
Dodging        | |  2.9
Summonings     | |  1.1

Action                   |  1- 3 |  4- 6 || total
-------------------------+-------+-------++-------
Melee: Club              |    12 |       ||    12
       Dagger            |     4 |    29 ||    33
 Cast: Magic Dart        |    86 |   107 ||   193
       Blink             |       |     7 ||     7
       Call Imp          |       |     2 ||     2
 Stab: Sleeping          |     2 |     1 ||     3
  Eat: Chunk             |     3 |     3 ||     6
       Ration            |       |     1 ||     1
Armor: Robe              |     8 |     2 ||    10
Dodge: Dodged            |    26 |    36 ||    62
